 Dungeon Crawl Stone Soup version 0.20.1-1-g8b1a95d (webtiles) character file.

1488 Lorindel the Magician (level 8, -3/43 HPs)
             Began as a Deep Elf Chaos Knight on Aug 4, 2017.
             Slain by an ice beast (4 damage)
             ... on level 7 of the Dungeon.
             The game lasted 00:47:06 (6702 turns).

Lorindel the Magician (Deep Elf Chaos Knight)       Turns: 6702, Time: 00:47:07

Health: -3/43      AC:  9    Str: 11    XL:     8   Next: 51%
Magic:  16/16      EV: 17    Int: 18    God:    Xom [...*..]
Gold:   505        SH:  0    Dex: 16    Spells: 6/17 levels left

rFire    . . .     SeeInvis .   a - +0 spear (chaos)
rCold    . . .     Gourm    .   (no shield)
rNeg     . . .     Faith    .   b - +2 leather armour
rPois    .         Spirit   .   z - +0 helmet
rElec    .         Reflect  .   (no cloak)
rCorr    +         Harm     .   L - +2 pair of gloves
MR       +....                  s - +0 pair of boots
Stlth    +++.......             (no amulet)
Regen    0.6/turn               g - +3 ring of evasion
MPRegen  0.2/turn               H - ring of resist corrosion

@: no status effects
A: agile 1, blurry vision 1, deformed body, frail 1, low mp 1, magic resistance
1, regeneration 1
a: Renounce Religion


You were on level 7 of the Dungeon.
You worshipped Xom.
You were a favourite toy of Xom.
You were not hungry.

You visited 1 branch of the dungeon, and saw 7 of its levels.

You collected 505 gold pieces.

Inventory:

Hand Weapons
 a - a +0 spear of chaos (weapon)
 e - a +0 halberd
 i - a +1 spear of chaos
 j - a +0 falchion
 q - a +0 rapier
 A - a +3 war axe
 K - a +0 halberd
 O - a +5 short sword
 P - a +2 dagger of venom
Missiles
 d - 269 stones (quivered)
 t - 128 arrows
Armour
 b - a +2 leather armour (worn)
 h - a +0 scale mail
 k - a +1 pair of gloves
 m - a +0 ring mail
 s - a +0 pair of boots (worn)
 x - a +0 large shield
 y - a +0 pair of boots
 z - a +0 helmet (worn)
 L - a +2 pair of gloves (worn)
Jewellery
 g - a +3 ring of evasion (left hand)
 H - a ring of resist corrosion (right hand)
 N - an uncursed ring of resist corrosion
Wands
 v - a wand of flame (22/48)
 w - a wand of lightning (0/15)
 B - a wand of digging (7/24)
 F - a wand of flame (1/48)
 I - a wand of digging (0/24)
 J - a wand of lightning (2/15)
Scrolls
 l - 3 scrolls of identify
 r - 7 scrolls of remove curse
 u - a scroll of teleportation
 C - a scroll of amnesia
 E - 2 scrolls of enchant armour
Potions
 n - a potion of might
 o - 3 potions of agility
 G - 2 potions of haste
Books
 D - a book of Flames

   Spells                             Type                      Level
   a - Flame Tongue                   Conjuration/Fire             1
   b - Throw Flame                    Conjuration/Fire             2
   c - Conjure Flame                  Conjuration/Fire             3
   d - Inner Flame                    Hexes/Fire                   3
   e - Sticky Flame                   Conjuration/Fire             4
   f - Fireball                       Conjuration/Fire             5
Comestibles
 c - 4 bread rations
 f - 2 royal jellies


   Skills:
 + Level 3.9 Fighting
 + Level 3.5 Polearms
 + Level 3.2 Armour
 + Level 5.0 Dodging
 + Level 4.6 Stealth
 + Level 5.1 Spellcasting
 + Level 2.6 Conjurations
 + Level 2.6 Fire Magic
 + Level 2.9 Evocations


You had 6 spell levels left.
You knew the following spells:

 Your Spells              Type           Power        Failure   Level  Hunger
a - Fireball              Conj/Fire      ##........   83%         5    ######.
b - Throw Flame           Conj/Fire      ##....       9%          2    #......
c - Flame Tongue          Conj/Fire      ##...        5%          1    None
d - Conjure Flame         Conj/Fire      ##......     17%         3    ##.....


Dungeon Overview and Level Annotations

Branches:
Dungeon (7/15)             Temple (0/1) D:7

Altars:
Ashenzari
Cheibriados
Dithmenos
Makhleb
Okawaru
Qazlal
Uskayaw
Vehumet
Xom
The Shining One

Shops:
D:6 !   D:7 !

Annotations:
D:7 Prince Ribbit


Innate Abilities, Weirdness & Mutations

You are agile. (Dex +2)
Scrolls take you a little longer to read.
Armour fits poorly on your strangely shaped body.
You are frail. (-10% HP)
Your magical capacity is low. (-10% MP)
You are resistant to hostile enchantments. (MR+)
Your natural rate of healing is unusually fast.


Message History

Your butterfly dies!
You feel sick.
You are now Xom's teddy bear.
You feel sick.
You feel sick.
Xom grants you an implement of some kind.
Something appears at your feet!
You are now a favourite toy of Xom.
The crimson imp blinks!
You see here a runed spear {god gift}.
i - a runed spear {god gift} You feel sick.
The crimson imp blinks!
Something bites you.
* * * LOW HITPOINT WARNING * * *
Something hits you but does no damage.
You feel better. Something bites you!
* * * LOW HITPOINT WARNING * * *
Something barely misses you. Something hits you.
* * * LOW HITPOINT WARNING * * *
Something freezes you.
You die...

##....#*#... ##..## *#..,*
##...##...#*#....####.#***
*** ,....###...#...#.#* *
*8,,,**#.......######..# ,
> ,* *.......#* ##.# ,
,8*** *.......* #.## *,, *
**.......## ##.# *,, **
*,........### #.### , ***
....∩..@..######...# , ,
,,, ......5.{.b..##.####
,** **,,,........§.#....##
** ** ,...............#
,........b......#
*,..............## ** *
*,....#.........# ,
****,,,#.......§......#
,,* ,* *#.............#*


You could see a crimson imp.

Vanquished Creatures
  Menkaure (D:7)
  An orc warrior (D:7)
  2 centaurs
  An ogre (D:6)
  A bullfrog (D:6)
  2 wights (D:7)
  A centaur zombie (D:7)
  5 crimson imps
  An orc priest (D:7)
  2 bullfrog skeletons (D:6)
  5 orc wizards (D:7)
  3 worker ants
  10 adders
  4 gnolls (D:2)
  2 oozes (D:1)
  2 adder skeletons (D:4)
  An adder zombie (D:5)
  A worm (D:3)
  A dart slug (D:3)
  6 leopard geckos
  12 orcs
  2 ball pythons
  9 bats
  5 giant cockroaches
  10 goblins
  15 hobgoblins
  16 jackals
  12 kobolds
  2 quokkas
  5 frilled lizards
  A jackal skeleton (D:4)
  A leopard gecko skeleton (D:6)
  A quokka skeleton (D:4)
  A rat (shapeshifter) (D:2)
  8 rats
152 creatures vanquished.

Vanquished Creatures (collateral kills)
  A hound (D:6)
  A quokka (D:6)
2 creatures vanquished.

Vanquished Creatures (others)
  An ice beast (D:6)
1 creature vanquished.

Grand Total: 155 creatures vanquished

Notes
Turn   | Place    | Note
-------+----------+-------------------------------------------
     0 | D:1      | Lorindel the Deep Elf Chaos Knight began the quest for the Orb.
     0 | D:1      | Reached XP level 1. HP: 13/13 MP: 3/3
    57 | D:1      | Reached skill level 1 in Stealth
    57 | D:1      | Reached XP level 2. HP: 7/18 MP: 4/4
   277 | D:1      | XOM: divination: detect items
   327 | D:1      | Reached skill level 1 in Spellcasting
   334 | D:1      | Reached skill level 1 in Armour
   679 | D:1      | XOM: harmless Conj miscast
   766 | D:1      | Reached XP level 3. HP: 22/22 MP: 6/6
   824 | D:1      | XOM: silly message
  1445 | D:2      | XOM: harmless Necr miscast
  1507 | D:2      | XOM: cast spell 'Summon Butterflies'
  1748 | D:2      | Found a shadowy altar of Dithmenos.
  1803 | D:2      | Gained mutation: You are partially covered in slimy green scales. (AC +2) [potion of mutation]
  1803 | D:2      | Gained mutation: You are agile. (Dex +2) [potion of mutation]
  1803 | D:2      | Gained mutation: You are covered in fur. (AC +1) [potion of mutation]
  1820 | D:2      | Reached XP level 4. HP: 16/27 MP: 7/9
  1821 | D:2      | XOM: butterfly on damage
  1843 | D:2      | XOM: silly message
  1845 | D:2      | HP: 1/27 [quokka (3)]
  1848 | D:2      | XOM: potion effect (curing)
  1885 | D:2      | XOM: harmless Fire miscast
  1888 | D:2      | XOM: harmless Air miscast
  2125 | D:2      | Found a glowing golden altar of the Shining One.
  2127 | D:2      | Found a stormy altar of Qazlal.
  2690 | D:3      | XOM: harmless Tloc miscast
  2810 | D:3      | XOM: harmless Ice miscast
  2950 | D:3      | Reached XP level 5. HP: 31/31 MP: 10/10
  3039 | D:3      | Found a shattered altar of Ashenzari.
  3395 | D:3      | XOM: silly message
  3511 | D:3      | XOM: silly message
  3621 | D:4      | XOM: stealth player
  3635 | D:4      | XOM: silly message
  3753 | D:4      | XOM: harmless Pois miscast
  4108 | D:4      | XOM: divination: detect creatures
  4188 | D:4      | XOM: 4-stop teleportation journey
  4299 | D:5      | Entered Level 5 of the Dungeon
  4340 | D:5      | Found an iron altar of Okawaru.
  4351 | D:5      | Learned a level 5 spell: Fireball
  4359 | D:5      | Learned a level 2 spell: Throw Flame
  4396 | D:5      | Learned a level 1 spell: Flame Tongue
  4413 | D:5      | XOM: enchant monster (good)
  4421 | D:5      | Lost mutation: You are partially covered in slimy green scales. (AC +2) [potion of mutation]
  4421 | D:5      | Lost mutation: You are agile. (Dex +2) [potion of mutation]
  4421 | D:5      | Gained mutation: Your spells are a little easier to cast, but a little less powerful. [potion of mutation]
  4421 | D:5      | Gained mutation: You have large cloven feet. [potion of mutation]
  4421 | D:5      | Lost mutation: You have large cloven feet. [potion of mutation]
  4421 | D:5      | Gained mutation: You have sharp fingernails. [potion of mutation]
  4434 | D:5      | XOM: divination: magic mapping
  4435 | D:5      | Found a burning altar of Makhleb.
  4449 | D:5      | XOM: god gift: scroll labeled PUYRGH GAPLIL {god gift}
  4475 | D:5      | Noticed a centaur
  4484 | D:5      | Killed a centaur
  4484 | D:5      | Reached skill level 1 in Evocations
  4484 | D:5      | Reached XP level 6. HP: 23/37 MP: 12/12
  4489 | D:5      | Learned a level 3 spell: Conjure Flame
  4519 | D:5      | XOM: scenery: create altars
  4894 | D:5      | Found a radiant altar of Vehumet.
  4973 | D:5      | Found a snail-covered altar of Cheibriados.
  4985 | D:6      | Noticed a dagger
  4986 | D:6      | Noticed a dagger
  4986 | D:6      | Found a hide-covered altar of Uskayaw.
  5147 | D:6      | Reached skill level 1 in Conjurations
  5148 | D:6      | Found Geonkata's Distillery.
  5226 | D:6      | XOM: cast spell 'Summon Ice Beast'
  5277 | D:6      | Lost mutation: You are covered in fur. (AC +1) [potion of mutation]
  5277 | D:6      | Lost mutation: You have sharp fingernails. [potion of mutation]
  5277 | D:6      | Lost mutation: Your spells are a little easier to cast, but a little less powerful. [potion of mutation]
  5277 | D:6      | Gained mutation: You are resistant to hostile enchantments. (MR+) [potion of mutation]
  5277 | D:6      | Gained mutation: You can translocate small distances at will. [potion of mutation]
  5278 | D:6      | Lost mutation: You can translocate small distances at will. [potion of mutation]
  5278 | D:6      | Gained mutation: Your natural rate of healing is unusually fast. [potion of mutation]
  5278 | D:6      | Gained mutation: You are agile. (Dex +2) [potion of mutation]
  5309 | D:6      | XOM: summons friendly crimson imp
  5378 | D:6      | Reached XP level 7. HP: 41/41 MP: 14/14
  5393 | D:6      | Reached skill level 1 in Fire Magic
  5501 | D:6      | XOM: god gift: halberd {god gift}
  5566 | D:6      | XOM: mild Necr miscast
  5668 | D:6      | Found a glowing golden altar of the Shining One.
  5689 | D:6      | XOM: god gift: 39 gold pieces
  5878 | D:6      | XOM: harmless Erth miscast
  5929 | D:7      | XOM: swap monsters
  6015 | D:7      | XOM: butterfly on damage
  6061 | D:7      | HP: 2/41 [something (7)]
  6063 | D:7      | Reached XP level 8. HP: 11/47 MP: 16/16
  6185 | D:7      | XOM: noise
  6316 | D:7      | Found a stormy altar of Qazlal.
  6417 | D:7      | Reached skill level 5 in Spellcasting
  6457 | D:7      | Noticed Menkaure
  6470 | D:7      | Killed Menkaure
  6470 | D:7      | Reached skill level 5 in Dodging
  6538 | D:7      | XOM: mild Fire miscast
  6583 | D:7      | XOM: give mutations
  6583 | D:7      | Gained mutation: Your magical capacity is low. (-10% MP) [Xom's mischief]
  6583 | D:7      | Gained mutation: You are frail. (-10% HP) [Xom's mischief]
  6583 | D:7      | Gained mutation: Scrolls take you a little longer to read. [Xom's mischief]
  6583 | D:7      | Gained mutation: Armour fits poorly on your strangely shaped body. [Xom's mischief]
  6677 | D:7      | Noticed Prince Ribbit
  6681 | D:7      | XOM: divination: magic mapping
  6688 | D:7      | Noticed Prince Ribbit
  6688 | D:7      | Prince Ribbit changed into Prince Ribbit the black mamba
  6688 | D:7      | XOM: polymorph Prince Ribbit -> Prince Ribbit the black mamba
  6695 | D:7      | Found Ezeacim's Distillery.
  6695 | D:7      | XOM: swap monsters
  6696 | D:7      | XOM: butterfly on damage
  6700 | D:7      | XOM: god gift: runed spear {god gift}
  6702 | D:7      | HP: 1/43 [something (2)]
  6702 | D:7      | Slain by an ice beast

Skill      XL: |  1  2  3  4  5  6  7  8 |
---------------+-------------------------+-----
Stealth        | 1 2 3 4 |  4.6
Spellcasting   | 1 2 3 4 5 |  5.1
Armour         | 1 2 3 |  3.2
Dodging        | 3 4 5 |  5.0
Fighting       | 3 |  3.9
Evocations     | 1 2 |  2.9
Polearms       | 3 |  3.5
Conjurations   | 1 2 |  2.6
Fire Magic     | 2 |  2.6

Action                   |  1- 3 |  4- 6 |  7- 9 || total
-------------------------+-------+-------+-------++-------
Melee: Spear             |   170 |   360 |   191 ||   721
Throw: Stone             |       |     3 |       ||     3
 Cast: Flame Tongue      |       |    12 |       ||    12
       Throw Flame       |       |       |     3 ||     3
       Conjure Flame     |       |       |     2 ||     2
Evoke: Wand              |       |     1 |    30 ||    31
  Use: Scroll            |     5 |    11 |     2 ||    18
       Potion            |     5 |     5 |     5 ||    15
 Stab: Sleeping          |     2 |     7 |     2 ||    11
       Invisible         |     1 |       |       ||     1
       Petrifying        |     1 |     1 |     1 ||     3
       Petrified         |     1 |       |       ||     1
       Confused          |       |     5 |     1 ||     6
       Paralysed         |       |     3 |     2 ||     5
       Distracted        |       |     1 |       ||     1
  Eat: Chunk             |     3 |     9 |     2 ||    14
       Meat ration       |       |     1 |       ||     1
       Fruit             |       |       |     1 ||     1
Armor: Leather armour    |    47 |   139 |    58 ||   244
       Skin              |       |       |    31 ||    31
Dodge: Dodged            |   123 |   282 |   145 ||   550
Block: Large shield      |       |     5 |       ||     5
